 Seeded DCSS version 0.30.0-15-g856e2d3f33 (webtiles) character file.

Game seed: 3163248098711790417 (custom seed)

13696 bmack86 the Cleaver (level 11, -6/97 HPs)
             Began as a Minotaur Fighter on May 18, 2023.
             Was a High Priest of Okawaru.
             Mangled by a blink frog (8 damage)
             ... on level 1 of the Lair of Beasts.
             The game lasted 00:36:26 (10433 turns).

bmack86 the Cleaver (Minotaur Fighter)             Turns: 10433, Time: 00:36:29

Health: -6/97      AC: 17    Str: 24    XL:     11   Next: 79%
Magic:  14/14      EV:  6    Int:  5    God:    Okawaru [*****.]
Gold:   466        SH: 12    Dex: 21    Spells: 10/10 levels left

rFire   x . .        E - +9 staff of Olgreb {rPois∞}
rCold   . . .        J - +0 kite shield of Hiwushra {rPois rF- Dex+6}
rNeg    . . .        P - +0 plate armour of Beogh's Whim {Rampage rElec Dex+4}
rPois   ∞            D - +1 hat
rElec   +            b - +1 cloak {rCorr}
rCorr   +            (no gloves)
SInv    +            (no boots)
Will    .....        (no amulet)
Stlth   x              - ring of see invisible
HPRegen 0.36/turn    (no ring)
MPRegen 0.14/turn

%: rampage
@: lethally poisoned (-6 -> -6), marked
A: horns 2, retaliatory headbutt
a: Renounce Religion, Evoke the Staff of Olgreb, Heroism, Finesse, Duel


You were on level 1 of the Lair of Beasts.
You worshipped Okawaru.
Okawaru was extremely pleased with you.
You visited 2 branches of the dungeon, and saw 11 of its levels.
You also visited: Bailey.

You collected 703 gold pieces.
You spent 237 gold pieces at shops.

Inventory:

Hand Weapons
 e - a +4 war axe of freezing
 E - the +9 staff of Olgreb (weapon) {rPois∞}
   (You found it on level 5 of the Dungeon)

   It enhances your poison magic.
   It grants immunity to poison.
   It can be activated via the 'a'bility menu to radiate toxic energy, with
   effectiveness depending on Evocations skill.
 I - a +0 hand axe of flaming
 O - a +0 broad axe of venom
Missiles
 g - 18 poisoned darts
 B - a throwing net
 G - 3 javelins
 K - 3 boomerangs of dispersal
 S - 2 boomerangs
Armour
 b - a +1 cloak of preservation (worn)
 f - a +1 cloak
 l - a +0 plate armour
 z - a scarf of repulsion
 D - a +1 hat (worn)
 J - the +0 kite shield of Hiwushra (worn) {rPois rF- Dex+6}
   (You bought it in a shop on level 5 of the Dungeon)

   Dex:       It affects your dexterity (+6).
   rF:        It makes you vulnerable to fire.
   rPois:     It protects you from poison.
 P - the +0 plate armour of Beogh's Whim (worn) {Rampage rElec Dex+4}
   (You found it in a bailey)

   Dex:       It affects your dexterity (+4).
   rElec:     It insulates you from electricity.
   Rampage:   It bestows one free step when moving towards enemies.
Jewellery
 x - a ring of see invisible (left hand)
 N - a ring of positive energy
Wands
 a - a wand of acid (3)
 A - a wand of paralysis (21)
 F - a wand of mindburst (23) (quivered)
Scrolls
 k - a scroll of blinking
 m - a scroll of amnesia
 n - a scroll of poison
 p - 3 scrolls of teleportation
 q - 3 scrolls of fear
 v - a scroll of immolation
 w - 2 scrolls of silence
 y - 2 scrolls of fog
 R - 2 scrolls of enchant weapon
Potions
 d - 2 potions of might
 i - 3 potions of mutation
 o - a potion of berserk rage
 r - 3 potions of resistance
 t - 3 potions of brilliance
 u - 3 potions of curing
 H - a potion of ambrosia
 L - 3 potions of magic
 M - a potion of heal wounds


   Skills:
 + Level 9.2 Fighting
 + Level 10.5 Axes
 + Level 6.2 Staves
 + Level 6.9 Throwing
 + Level 9.3 Armour
 + Level 9.3 Shields
 + Level 6.5 Invocations
 + Level 4.4 Evocations


You had 10 spell levels left.
You didn't know any spells.
Your spell library contained the following spells:

 Spells                   Type           Power      Damage    Failure   Level
 Apportation              Tloc           0%         N/A       100%        1
 Freeze                   Ice            0%         1d3       100%        1
 Necrotise                Necr           0%         1d4       100%        1
 Shock                    Conj/Air       0%         1d3       100%        1
 Searing Ray              Conj           0%         2d4       100%        2
 Static Discharge         Conj/Air       0%         2-2/arc   100%        2
 Gell's Gravitas          Tloc           0%         N/A       100%        3
 Teleport Other           Tloc           0%         N/A       100%        3
 Vhi's Electric Charge    Tloc/Air       0%         N/A       100%        3
 Airstrike                Air            0%         2d(0-16)  100%        4
 Arcjolt                  Conj/Air       0%         1d10      100%        5
 Metabolic Englaciation   Hex/Ice        0%         N/A       100%        5
 Dispersal                Tloc           0%         N/A       100%        6
 Plasma Beam              Fire/Air       0%         2x1d11    100%        6
 Summon Small Mammal      Summ           Unusable   N/A       N/A         1
 Summon Lightning Spire   Summ/Air       Unusable   N/A       N/A         4

Dungeon Overview and Level Annotations

Branches:
Dungeon (10/15)            Temple (0/1) D:4            Lair (1/5) D:9
    Orc (0/2) D:9          Bailey (visited)

Altars:
Dithmenos
Elyvilon
Fedhas
Gozag
Okawaru
Qazlal
Ru
Xom
The Shining One

Shops:
D:5 [?*?

Annotations:
D:5 1 runed translucent door
D:9 3 runed translucent doors, exclusion: orange crystal statue


Innate Abilities, Weirdness & Mutations

You have a pair of horns on your head.
You reflexively headbutt those who attack you in melee.


Message History

You block the black mamba's attack.
Okay, then.
You feel much better. The black mamba bites you!
* * * LOW HITPOINT WARNING * * *
You block the black mamba's attack.
The blink frog hits you but does no damage. x2
You block the black mamba's attack.
A komodo dragon comes into view.
The black mamba bites you but does no damage.
You sock the black mamba!
You envenom the black mamba.
The black mamba is poisoned.
You headbutt the black mamba, but do no damage.
The black mamba is almost dead.
You kill the black mamba!
Okawaru accepts your kill. Okawaru grants you throwing weapons!
Something appears at your feet!
The black mamba bites you but does no damage.
You block the blink frog's attack. The blink frog hits you.
* * * LOW HITPOINT WARNING * * *
The blink frog hits you.
* * * LOW HITPOINT WARNING * * *
You block the black mamba's attack.
The blink frog hits you but does no damage.
You block the blink frog's attack.
You closely miss the blink frog.
The blink frog blinks!
You block the black mamba's attack. You block the blink frog's attack.
The blink frog hits you.
* * * LOW HITPOINT WARNING * * *
The blink frog hits you.
* * * LOW HITPOINT WARNING * * *
The black mamba bites you but does no damage.
A bullfrog comes into view.
You barely miss the blink frog. Your headbutt misses the blink frog.
The blink frog barely misses you. You block the blink frog's attack.
You block the black mamba's attack. The blink frog hits you!
* * * LOW HITPOINT WARNING * * *
The blink frog hits you but does no damage.
The blink frog hits you!
You die...

## . . .#
######.##
#.S.F...#P#
#.F@.......
##.#F#P##.#.
#P..S###
##.#l##
#..lP#
#.#.## #.#
#..F# ..#
#.#.#
##.###.#.#


You could see 2 komodo dragons, a black mamba, 3 blink frogs, a water moccasin
and a bullfrog.

Vanquished Creatures
  A catoblepas (D:10)
  A centaur warrior (D:8)
  A two-headed ogre (D:10)
  Nergalle (D:10)
  An orc knight (Bailey)
  Maurice (D:10)
  Joseph (D:8)
  A black mamba (Lair:1)
  Maggie (D:7)
  A cane toad (Lair:1)
  2 unseen horrors (D:10)
  A blink frog (Lair:1)
  A dream sheep (shapeshifter) (D:9)
  8 yaks (D:9)
  2 redbacks (D:5)
  A basilisk (Lair:1)
  2 wyverns
  4 fire bats (D:8)
  A steam dragon (D:7)
  An acid dragon (D:9)
  A hell hound (D:8)
  7 water moccasins
  8 orc warriors
  2 sky beasts
  An ice beast (D:6)
  3 ogres
  A centaur (D:6)
  2 phantoms (D:5)
  4 bullfrogs
  11 scorpions
  5 wights
  22 killer bees
  An electric eel (Lair:1)
  4 howler monkeys
  2 lava snakes (D:8)
  2 hounds (D:6)
  6 orc priests
  A jelly (D:6)
  Crazy Yiuf (D:3)
  4 gnoll boudas
  Ijyb (D:5)
  2 sleepcaps (D:6)
  4 iguanas
  7 orc wizards
  10 adders
  14 gnolls
  2 white imps
  2 ufetubi
  3 worms
  2 dart slugs
  42 orcs
  5 ball pythons
  4 endoplasms
  A giant cockroach (D:3)
  6 goblins
  7 hobgoblins
  4 jackals (D:1)
  6 kobolds
  2 quokkas
  3 bats
  12 frilled lizards
  8 rats
268 creatures vanquished.

Vanquished Creatures (others)
  An orc wizard (D:7)
  An adder (D:6)
  3 fire vortices (D:8)
5 creatures vanquished.

Grand Total: 273 creatures vanquished

Notes
Turn   | Place    | Note
-------+----------+-------------------------------------------
     0 | D:1      | bmack86 the Minotaur Fighter began the quest for the Orb.
     0 | D:1      | Reached XP level 1. HP: 19/19 MP: 0/0
   198 | D:1      | Reached XP level 2. HP: 27/27 MP: 1/1
   298 | D:1      | Reached skill level 3 in Axes
   451 | D:1      | Reached XP level 3. HP: 32/33 MP: 2/2
   665 | D:2      | Noticed a scorpion
   672 | D:2      | Killed a scorpion
   673 | D:2      | Reached skill level 1 in Throwing
   673 | D:2      | Reached XP level 4. HP: 38/40 MP: 3/3
   954 | D:3      | Reached skill level 4 in Axes
   978 | D:3      | Reached XP level 5. HP: 39/47 MP: 4/4
   978 | D:3      | Found an iron altar of Okawaru.
   990 | D:3      | Became a worshipper of Warmaster Okawaru
  1276 | D:3      | Found an opulent altar of Gozag.
  1587 | D:3      | Found a runed translucent door.
  1590 | D:3      | Noticed Crazy Yiuf
  1597 | D:3      | Killed Crazy Yiuf
  1802 | D:4      | Reached skill level 1 in Invocations
  1802 | D:4      | Reached XP level 6. HP: 53/53 MP: 5/5
  1870 | D:4      | Found a staircase to the Ecumenical Temple.
  2514 | D:5      | Entered Level 5 of the Dungeon
  2522 | D:5      | Reached skill level 5 in Axes
  2522 | D:5      | Noticed a sky beast
  2528 | D:5      | Reached skill level 5 in Fighting
  2528 | D:5      | Reached skill level 5 in Shields
  2529 | D:5      | Killed a sky beast
  2529 | D:5      | Reached * piety under Okawaru
  2530 | D:5      | Reached skill level 5 in Armour
  2530 | D:5      | Reached XP level 7. HP: 50/61 MP: 5/7
  2687 | D:5      | Found Goc Xuo's Antique Armour Boutique.
  2689 | D:5      | Noticed Ijyb
  2701 | D:5      | Killed Ijyb
  2805 | D:5      | Found Icwyloz's Magic Scroll Shoppe.
  2805 | D:5      | Found Rev Veet's Magic Scroll Emporium.
  2819 | D:5      | Found Yssag's General Store.
  2826 | D:5      | Reached skill level 6 in Axes
  2967 | D:5      | Found the +9 staff of Olgreb {rPois∞}
  2971 | D:5      | Found a runed translucent door.
  2979 | D:5      | Noticed a redback
  2980 | D:5      | Found a runed translucent gate.
  2980 | D:5      | Found a runed translucent gate.
  2981 | D:5      | Found a runed translucent door.
  3045 | D:5      | Found a runed translucent gate.
  3046 | D:5      | Noticed a redback
  3343 | D:5      | Found a blossoming altar of Fedhas.
  3386 | D:5      | Reached XP level 8. HP: 70/70 MP: 8/8
  3589 | D:5      | Reached ** piety under Okawaru
  3590 | D:5      | Reached skill level 7 in Axes
  3604 | D:5      | Reached skill level 8 in Axes
  3605 | D:5      | Reached *** piety under Okawaru
  3606 | D:5      | Reached XP level 9. HP: 35/78 MP: 8/10
  4133 | D:6      | Reached skill level 1 in Staves
  4211 | D:6      | Found a stormy altar of Qazlal.
  4462 | D:6      | Reached skill level 1 in Evocations
  4462 | D:6      | Found a shimmering altar of Xom.
  4741 | D:7      | Reached **** piety under Okawaru
  4944 | D:7      | Reached skill level 5 in Throwing
  4951 | D:7      | Noticed Maggie
  4956 | D:7      | Reached skill level 9 in Axes
  4969 | D:7      | Killed Maggie
  4970 | D:7      | Reached XP level 10. HP: 44/86 MP: 10/12
  5451 | D:7      | Found a sacrificial altar of Ru.
  5673 | D:5      | Bought a steaming kite shield for 237 gold pieces
  5673 | D:5      | Identified the +0 kite shield of Hiwushra {rPois rF- Dex+6}
                  | (You bought it in a shop on level 5 of the Dungeon)
  5769 | D:8      | Identified the +2 helmet "Heahator" {SInv}
  5887 | D:8      | Noticed Joseph
  5901 | D:8      | Killed Joseph
  5905 | D:8      | Reached skill level 5 in Invocations
  6273 | D:8      | Received a gift from Okawaru
  6431 | D:8      | Noticed a centaur warrior
  6440 | D:8      | Killed a centaur warrior
  6738 | D:8      | Found a white marble altar of Elyvilon.
  7276 | D:9      | Found a runed translucent door.
  7328 | D:9      | Found a staircase to the Orcish Mines.
  7330 | D:9      | Found a runed translucent door.
  7378 | D:9      | Found a flagged portal.
  7401 | D:9      | Received a gift from Okawaru
  7412 | D:9      | Reached ***** piety under Okawaru
  7613 | Bailey   | Entered a bailey
  7639 | Bailey   | Received a gift from Okawaru
  7745 | Bailey   | Noticed an orc knight
  7772 | Bailey   | Killed an orc knight
  7773 | Bailey   | Reached XP level 11. HP: 45/95 MP: 12/14
  8056 | Bailey   | Reached skill level 5 in Staves
  8094 | Bailey   | Identified the staff of air "Uhoxzy" {rElec Int+4}
  8097 | Bailey   | Identified the +0 plate armour of Beogh's Whim {Rampage
                  | rElec Dex+4}
  8193 | D:9      | Reached skill level 10 in Axes
  8268 | D:9      | Found a shadowy altar of Dithmenos.
  8549 | D:9      | Found a glowing golden altar of the Shining One.
  8703 | D:9      | Found a staircase to the Lair.
  8743 | D:9      | Found a runed translucent door.
  8785 | D:9      | Found a runed translucent door.
  8823 | D:9      | Noticed an orange crystal statue
  9062 | D:10     | Entered Level 10 of the Dungeon
  9062 | D:10     | Noticed a two-headed ogre
  9068 | D:10     | Killed a two-headed ogre
  9261 | D:10     | Identified the +6 dagger "Vebysoc" {elec, rN+}
  9294 | D:10     | Received a gift from Okawaru
  9305 | D:10     | Got the Enchiridion on Hurtful Cold
  9336 | D:10     | Noticed a catoblepas
  9353 | D:10     | Killed a catoblepas
  9713 | D:10     | Noticed Maurice
  9725 | D:10     | Killed Maurice
  9853 | D:10     | Received a gift from Okawaru
  9894 | D:10     | Noticed Nergalle
  9905 | D:10     | Killed Nergalle
 10013 | D:10     | Noticed a fire dragon
 10327 | Lair:1   | Entered Level 1 of the Lair of Beasts
 10429 | Lair:1   | HP: 1/97 [blink frog (13)]
 10431 | Lair:1   | Received a gift from Okawaru
 10433 | Lair:1   | Mangled by a blink frog

Illustrated notes

Levels and vault maps discovered:
D:1:      lightli_arrival_boilingwater, layout_loops_ring
D:2:      layout_rooms
D:3:      layout_rooms, okawaru_gym_becter, nicolae_overflow_crystal_walls,
          serial_forest, infiniplex_forest_clump_medium,
          infiniplex_forest_lined_2, infiniplex_forest_clump_small,
          infiniplex_forest_lined_2, infiniplex_forest_corner_1,
          infiniplex_forest_clump_small, infiniplex_forest_clump_C,
          minmay_lizard_king, uniq_crazy_yiuf_cottage
D:4:      layout_basic, minmay_temple_entry_from_below_a,
          minmay_misc_feat_enclosed
D:5:      layout_loops_ring, mainiacjoe_overflow_small_starburst, serial_shops,
          shop, shop, shop, shop, minmay_guarded_unrand_staff_of_olgreb,
          uniq_ijyb
D:6:      nicolae_cairo_tiling_very_big, layout_rooms, grunt_qazlal_clouds,
          xom_confusion_cloud
D:7:      layout_basic, lemuel_round_altar, uniq_maggie
D:8:      layout_basic, elyvilon_altar_4, hangedman_incinerator, uniq_joseph
D:9:      layout_irregular_city, nicolae_dithmenos_shadow_blocks,
          lemuel_tele_altar, lair_entry_dummy, enter_bailey_2,
          minmay_statue_crystal_thing
D:10:     dragon1_lemuel, layout_loops_ring, uniq_nergalle, uniq_maurice
Lair:1:   layout_loops_ring, grunt_megastairs_2, lemuel_fruit_fields,
          infiniplex_staircase_pool, lemuel_fruit_fields

Skill      XL: |  1  2  3  4  5  6  7  8  9 10 11 |
---------------+----------------------------------+-----
Axes           | 3 4 5 6 8 9 10 | 10.5
Fighting       | 4 5 6 7 8 9 |  9.2
Armour         | 4 5 6 7 8 9 |  9.3
Throwing       | 1 2 3 4 5 6 |  6.9
Shields        | 4 5 6 7 8 9 |  9.3
Invocations    | 1 2 3 4 5 6 |  6.5
Staves         | 2 4 6 |  6.2
Evocations     | 1 3 4 |  4.4

Action                     |  1- 3 |  4- 6 |  7- 9 | 10-12 || total
---------------------------+-------+-------+-------+-------++-------
  Melee: War axe           |    44 |    98 |   145 |   271 ||   558
         Headbutt          |     4 |     9 |    36 |    57 ||   106
         Staff             |       |       |    44 |     3 ||    47
  Throw: Dart              |       |     9 |     3 |       ||    12
 Invoke: Heroism           |       |       |     4 |     4 ||     8
         Finesse           |       |       |       |     1 ||     1
Ability: Evoke the Staff o |       |       |     1 |       ||     1
  Evoke: Wand              |       |       |       |    14 ||    14
    Use: Scroll            |       |     9 |     5 |    12 ||    26
         Potion            |       |       |     2 |     2 ||     4
 Armour: Scale mail        |    24 |    50 |    17 |       ||    91
         Ring mail         |       |       |    60 |    52 ||   112
         Plate armour      |       |       |       |   100 ||   100
  Dodge: Dodged            |    31 |    50 |    89 |    92 ||   262
  Block: Buckler           |    12 |    23 |    66 |     5 ||   106
         Kite shield       |       |       |       |   212 ||   212
